 Dungeon Crawl Stone Soup version 0.30-a0-939-gc8157cb160 (webtiles) character file.

Game seed: 8718944766718921014

500 shadizar the Digger (level 6, -3/47 HPs)
             Began as a Demigod Earth Elementalist on Mar 25, 2023.
             Shot with an arrow by a centaur (7 damage)
             ... on level 5 of the Dungeon.
             The game lasted 00:11:59 (3963 turns).

shadizar the Digger (Demigod Earth Elementalist)    Turns: 3963, Time: 00:11:59

Health: -3/47      AC:  3    Str: 15    XL:     6   Next: 62%
Magic:  13/13      EV: 12    Int: 25    God:
Gold:   183        SH:  0    Dex: 14    Spells: 7/11 levels left

rFire   + . .      SeeInvis .    d - staff of fire
rCold   . . .      Faith    .    (no shield)
rNeg    . . .      Spirit   .    c - +0 robe {Will+}
rPois   .          Reflect  .    (no helmet)
rElec   .          Rampage  .    n - +0 cloak
rCorr   .                        (no gloves)
Will    ++...                    (no boots)
Stlth   ++                       r - amulet of magic regeneration
HPRegen 0.27/turn                f - +6 ring of strength
MPRegen 0.53/turn                h - ring of willpower

@: no status effects
A: high MP 1, forlorn, divine attributes
a: no special abilities


You were on level 5 of the Dungeon.
You visited 1 branch of the dungeon, and saw 5 of its levels.

You collected 183 gold pieces.

Inventory:

Hand Weapons
 a - a +0 whip
 l - a +0 shortbow
Armour
 c - a +0 robe of willpower (worn)
 n - a +0 cloak (worn)
 o - the +0 ring mail "Ritool" {Will+}
   (You found it on level 4 of the Dungeon)

   Will:      It increases your willpower.
Magical Staves
 d - a staff of fire (weapon)
Jewellery
 f - a +6 ring of strength (left hand)
 h - a ring of willpower (right hand)
 r - an amulet of magic regeneration (around neck)
Wands
 g - a wand of paralysis (4)
Scrolls
 i - 3 scrolls of identify {unknown}
 m - a scroll of poison {unknown}
 s - a scroll of enchant armour {unknown}
Potions
 b - 2 potions of magic
 e - 2 potions of might
 k - a potion of lignification {unknown}
 p - 2 potions of degeneration {unknown}
 q - 2 potions of resistance
 t - a potion of curing


   Skills:
 - Level 1.6 Fighting
 - Level 1.5 Staves
 - Level 2.6 Dodging
 - Level 3.0 Stealth
 + Level 3.2 Spellcasting
 + Level 2.2 Conjurations
 - Level 1.1 Transmutations
 + Level 4.1 Earth Magic


You had 7 spell levels left.
You knew the following spells:

 Your Spells              Type           Power      Damage    Failure   Level
a - Sandblast             Erth           48%        2d12      1%          1
b - Stone Arrow           Conj/Erth      40%        3d9       8%          3

Your spell library contained the following spells:

 Spells                   Type           Power      Damage    Failure   Level
 Passwall                 Tmut/Erth      14%        N/A       4%          2
 Apportation              Tloc           8%         N/A       10%         1
 Necrotise                Necr           16%        1d4       10%         1
 Summon Small Mammal      Summ           16%        N/A       10%         1
 Ignite Poison            Fire/Tmut/Pois 8%         N/A       26%         3
 Petrify                  Tmut/Erth      17%        N/A       32%         4
 Sticky Flame             Conj/Fire      14%        2d4       52%         4
 Ignition                 Fire           3%         3d4       100%        8


Dungeon Overview and Level Annotations

Branches:
Dungeon (5/15)
 Temple: D:4-7

Shops:
D:4 =:*[

Annotations:
D:3 Sigmund


Innate Abilities, Weirdness & Mutations

You have an increased reservoir of magic. (+10% MP)
You shall have no god before yourself.
Your divine heritage dramatically boosts your attributes as you level up.


Message History

Confirm with . or Enter, or press ? or * to list all spells.
You can't see any susceptible monsters within range! (Use Z to cast anyway.) Unknown command.
A centaur opens the door.
Casting: Sandblast (safe; 1% risk of failure)
Confirm with . or Enter, or press ? or * to list all spells.
Okay, then.
Casting: Sandblast (safe; 1% risk of failure)
Confirm with . or Enter, or press ? or * to list all spells.
Aiming: Sandblast (safe; 1% risk of failure)
Press: ? - help, Shift-Dir - straight line, f - orc wizard
Aim: an orc wizard, wielding a +0 dagger and wearing a +0 robe (79% to hit)
The blast of sand hits the orc wizard!
The orc wizard is heavily wounded.
The orc shouts!
The centaur shouts!
The centaur wields a +0 shortbow of freezing.
It is covered in frost.
The centaur shoots an arrow.
The arrow completely misses you.
The centaur shoots an arrow.
The arrow hits you! The arrow freezes you.
Unknown command.
Unknown command.
Unknown command.
Unknown command.
Unknown command.
Unknown command.
Unknown command.
Unknown command.
Unknown command.
Casting: Sandblast (safe; 1% risk of failure)
Confirm with . or Enter, or press ? or * to list all spells.
Aiming: Sandblast (safe; 1% risk of failure)
Press: ? - help, Shift-Dir - straight line, f/p - orc wizard
Aim: an orc wizard, wielding a +0 dagger and wearing a +0 robe (heavily wounded, 79% to hit)
The blast of sand hits the orc wizard!!
You kill the orc wizard!
The centaur shoots an arrow.
The arrow hits you! The arrow freezes you.
The centaur shoots an arrow.
The arrow hits you!
* * * LOW HITPOINT WARNING * * *
The arrow freezes you!
You die...

*******,,,8....._.....8...##'###,
,,,,,*,,*,,.###...###...#..#...+,
,,,,,*,,***** ##.##,#####..#...#,
,,,,,*,,,,,,* #.#,,,,#...####>#,
**,,,******** ##.##,,,#...####.##
***+***,,,,** #...#,,,#..........
,,,,,,,,,,,,* #.8.#,,,#..........
,,,,,,,,,,,,* #†..#,,,###########
,,,,,**,,***####@##....,,,,,,,,,,
**,,,*******#..)........,,>,,,,,,
**,,,**,.....o..#.....).<,,,,,,,,
*,,,,,*,o.......#.......,,,,,,,,,
*,,,,,*,........######..,,,,,,,,,
,,,,,,,,oo..##c##*,,,*,.,,,,,,,,,
*******,.##.,.o,,*,,,*,,,,*****+*
*,,∩,,*,**#,...,,***+*,,,,*,,+,,,
*,,,,,*,* *,,,,,,,,,,,,,,,*,,*,,,


You could see a centaur, an orc wizard and 2 orcs.

Vanquished Creatures
  Menkaure (D:4)
  A phantom (D:4)
  A bullfrog (D:4)
  An orc priest (D:2)
  Ijyb (D:3)
  2 orc wizards
  5 gnolls
  4 adders
  An ufetubus (D:4)
  3 worms
  5 dart slugs
  8 orcs
  5 endoplasms
  4 giant cockroaches
  3 goblins
  4 hobgoblins
  A jackal (D:1)
  5 kobolds
  2 quokkas
  2 ball pythons (D:2)
  4 bats
  4 frilled lizards
  6 rats
73 creatures vanquished.

Notes
Turn   | Place    | Note
-------+----------+-------------------------------------------
     0 | D:1      | shadizar the Demigod Earth Elementalist began the quest for
                  | the Orb.
     0 | D:1      | Reached XP level 1. HP: 14/14 MP: 5/5
    42 | D:1      | Reached skill level 1 in Transmutations
   148 | D:1      | Reached XP level 2. HP: 12/20 MP: 5/7
   839 | D:2      | Reached skill level 3 in Earth Magic
   839 | D:2      | Reached XP level 3. HP: 14/27 MP: 4/8
  1792 | D:2      | Reached skill level 1 in Staves
  1792 | D:2      | Reached XP level 4. HP: 17/34 MP: 3/10
  1798 | D:2      | Learned a level 3 spell: Stone Arrow
  1973 | D:3      | Reached skill level 1 in Fighting
  2048 | D:3      | Noticed a +0 dagger
  2048 | D:3      | Noticed a +0 hand axe
  2506 | D:3      | Noticed Sigmund
  2541 | D:4      | Reached XP level 5. HP: 40/40 MP: 8/11
  2572 | D:4      | Identified the +0 ring mail "Ritool" {Will+}
  2659 | D:4      | Found Axeraeb's Assorted Antiques.
  2667 | D:4      | Found Fies's Antique Armour Emporium.
  2701 | D:4      | Reached skill level 1 in Conjurations
  3095 | D:3      | Noticed Ijyb
  3108 | D:3      | Killed Ijyb
  3479 | D:4      | Noticed Menkaure
  3485 | D:4      | Killed Menkaure
  3486 | D:4      | Reached XP level 6. HP: 26/47 MP: 7/13
  3503 | D:4      | Found Jedelula's Jewellery Boutique.
  3709 | D:4      | Reached skill level 4 in Earth Magic
  3749 | D:4      | Found Zikaleuh's Book Emporium.
  3814 | D:5      | Entered Level 5 of the Dungeon
  3963 | D:5      | Shot with an arrow by a centaur

Illustrated notes

Levels and vault maps discovered:
D:1:      dpeg_arrival_pits, layout_basic, serial_glass, glass_columns_b,
          glass_columns_a, st_stairs_13, chequers_serial_rivers_room_a
D:2:      layout_loops_ring
D:3:      layout_loops_corners, dancing_weapons_uskayaw,
          ebering_ghost_rock_garden, minmay_puff, uniq_ijyb, uniq_robin,
          uniq_sigmund
D:4:      layout_basic, zin_academy, serial_shops, nicolae_shop_crystal,
          shop_fountains, kennysheep_mini_moat, nicolae_shop_behind_doors,
          patterned_corridor, uniq_menkaure
D:5:      layout_gridville, elyvilon_altar_1, enter_ossuary_4, uniq_eustachio

Skill      XL: |  1  2  3  4  5  6 |
---------------+-------------------+-----
Transmutations | 1 |  1.1
Stealth        | 2 3 |  3.0
Dodging        | 2 |  2.6
Spellcasting   | 2 3 |  3.2
Earth Magic    | 3 4 |  4.1
Staves         | 1 |  1.5
Fighting       | 1 |  1.6
Conjurations   | 1 2 |  2.2

Action                     |  1- 3 |  4- 6 || total
---------------------------+-------+-------++-------
  Melee: Unarmed           |     4 |       ||     4
         Staff             |    22 |    10 ||    32
   Cast: Sandblast         |    47 |   100 ||   147
    Use: Potion            |       |     3 ||     3
         Scroll            |       |     1 ||     1
   Stab: Sleeping          |     3 |       ||     3
 Armour: Robe              |     5 |    16 ||    21
  Dodge: Dodged            |    33 |    54 ||    87

Table legend: (Time is in decaauts)
 A = Elapsed time spent in this place.
 B = Non-inter-level travel time spent in this place.
 C = Inter-level travel time spent in this place.
 D = Time resting spent in this place.
 E = Time spent auto-exploring this place.
 F = Levels seen in this place.
 G = Mean time per level.
                   A        B        C        D        E       F      G
               +--------+--------+--------+--------+--------+-----+--------+
         Total |   4041 |   3972 |     69 |      0 |   3059 |   5 |  808.2 |
       Dungeon |   4041 |   3972 |     69 |      0 |   3059 |   5 |  808.2 |
               +--------+--------+--------+--------+--------+-----+--------+

Top non-repeatable levels by time:
     D:2: 1102 daAuts
     D:4: 1089 daAuts
     D:3: 900 daAuts
     D:1: 844 daAuts
     D:5: 104 daAuts
